 Dungeon Crawl Stone Soup version 0.20.1-1-g8b1a95d (webtiles) character file.

644 gungr the Insei (level 7, 0/46 HPs)
             Began as an Octopode Transmuter on Oct 29, 2017.
             Slain by a gnoll
             ... wielding a cursed -1 club
              (8 damage)
             ... on level 4 of the Dungeon.
             The game lasted 00:07:01 (3469 turns).

gungr the Insei (Octopode Transmuter)               Turns: 3469, Time: 00:07:02

Health: 0/46       AC:  1    Str: 10    XL:     7   Next: 52%
Magic:  6/12       EV: 14    Int: 17    God:
Gold:   98         SH:  0    Dex: 12    Spells: 6/12 levels left

rFire    . . .     SeeInvis .     - Unarmed
rCold    . . .     Gourm    .   (no shield)
rNeg     . . .     Faith    .   (helmet restricted)
rPois    .         Spirit   .   (no amulet)
rElec    .         Reflect  .   (no ring)
rCorr    .         Harm     .   (no ring)
MR       .....                  (no ring)
Stlth    ++........             (no ring)
Regen    0.2/turn               (no ring)
MPRegen  0.2/turn               (no ring)
                                (no ring)
                                (no ring)

@: appendage
A: almost no armour, stealthy swim, amphibious, 8 rings, constrict 8, tentacle
spike 3, camouflage 1, gelatinous body 1
a: End Transformation


You were on level 4 of the Dungeon.
You were not hungry.
One of your tentacles had a temporary spike.
You visited 1 branch of the dungeon, and saw 4 of its levels.

You collected 98 gold pieces.

Inventory:

Missiles
 a - 23 arrows
Scrolls
 c - a scroll of random uselessness {unknown}
 d - 2 scrolls of recharging {unknown}
 g - 5 scrolls of identify {unknown}
 j - 2 scrolls of blinking {unknown}
 l - a scroll of enchant armour {unknown}
 m - 3 scrolls of teleportation {unknown}
 p - a scroll of remove curse {unknown}
 q - a scroll of immolation {unknown}
 r - 2 scrolls of magic mapping {unknown}
 s - a scroll of amnesia {unknown}
Potions
 e - a potion of agility {unknown}
 h - 2 potions of curing {unknown}
 k - a potion of degeneration {unknown}
 n - 2 potions of mutation {unknown}
 o - a potion of cancellation {unknown}
Books
 b - a book of Changes

   Spells                             Type                      Level
   a - Beastly Appendage              Transmutation                1
   b - Sticks to Snakes               Transmutation                2
   c - Spider Form                    Transmutation/Poison         3
   d - Ice Form                       Ice/Transmutation            4
   e - Blade Hands                    Transmutation                5
 i - a book of Minor Magic

   Spells                             Type                      Level
   a - Magic Dart                     Conjuration                  1
   b - Blink                          Translocation                2
   c - Call Imp                       Summoning                    2
   d - Slow                           Hexes                        2
   e - Conjure Flame                  Conjuration/Fire             3
   f - Mephitic Cloud                 Conjuration/Poison/Air       3
Comestibles
 f - 3 royal jellies


   Skills:
 + Level 3.2 Fighting
 + Level 3.7 Dodging
 * Level 5.4 Unarmed Combat
 + Level 3.3 Spellcasting
 + Level 3.7 Transmutations


You had 6 spell levels left.
You knew the following spells:

 Your Spells              Type           Power        Failure   Level  Hunger
a - Beastly Appendage     Tmut           ###...       3%          1    None
b - Sticks to Snakes      Tmut           ###.....     5%          2    ##.....
c - Spider Form           Tmut/Pois      #.........   24%         3    ###....


Dungeon Overview and Level Annotations

Branches:
Dungeon (4/15)
 Temple: D:4-7

Altars:
The Shining One


Innate Abilities, Weirdness & Mutations

You cannot wear most types of armour.
You are very stealthy in the water. (Stealth+)
You are amphibious.
You can wear up to eight rings at the same time.
You can use your tentacles to constrict eight enemies at once.
Your skin changes colour to match your surroundings (Stealth+).
Your rubbery body absorbs attacks. (AC +1, EV +1)
One of your tentacles bears a large vicious spike.


Message History

Your ball python dies!
The gnoll hits you but does no damage. Something closely misses your adder.
A gnoll comes into view. It is wielding a whip.
You tentacle-slap the gnoll but do no damage.
Your grab misses the gnoll.
Your tentacle spike misses the gnoll.
Your tentacle-slap misses the gnoll.
You squeeze the gnoll, but do no damage.
The gnoll closely misses you.
You bludgeon the gnoll! You grab the gnoll.
You pierce the gnoll.
The gnoll is severely wounded.
You constrict the gnoll. The gnoll hits you with a club!
The gnoll sergeant hits you from afar with a trident of flaming!
* * * LOW HITPOINT WARNING * * *
The gnoll sergeant burns you.
* * * LOW HITPOINT WARNING * * *
You tentacle-slap the gnoll.
The gnoll is almost dead.
You constrict the gnoll, but do no damage.
The gnoll hits you with a club!
You die...

.....#........ #)#
.......######### #.#.#
.....#.........# #.#.#
.....#########.# #.#.#
##.#.# #.# #.#.# #...#
#######.######.#.#
##..#
#.........Sg...#.# #..#
#g#####..#.#
#..###.#####SS@gggg#..#
#...........^#####..#.#
###.##......##.# #..#.#
....# .#.##. ..# #..#.#
###.# # # #.## #......#
....# .. #.#(.### ###.#
### #.#W.# #.# . ...#
#.. >. ...#


You could see a gnoll sergeant, 4 gnolls and 2 friendly adders.

Vanquished Creatures
  Grinder (D:4)
  An orc priest (D:4)
  A hound skeleton (D:4)
  Robin (D:2)
  5 adders
  2 gnolls
  A worm (D:2)
  2 dart slugs
  A leopard gecko (D:2)
  6 orcs
  4 bats (D:1)
  3 giant cockroaches
  19 goblins
  6 hobgoblins
  6 jackals
  2 quokkas
  A ball python (D:2)
  3 frilled lizards
  4 kobolds
  5 rats
  A bush (D:2)
75 creatures vanquished.

Vanquished Creatures (collateral kills)
  Pikel (D:4)
  Jessica (D:3)
  An adder (D:3)
  A rat (D:3)
4 creatures vanquished.

Vanquished Creatures (others)
  The ghost of keltmir the Changer, an amateur DrTm of Makhleb (D:4)
  2 slaves (D:4)
  A bullfrog (D:4)
  A leopard gecko (D:4)
  A frilled lizard (D:4)
6 creatures vanquished.

Grand Total: 85 creatures vanquished

Notes
Turn   | Place    | Note
-------+----------+-------------------------------------------
     0 | D:1      | gungr the Octopode Transmuter began the quest for the Orb.
     0 | D:1      | Reached XP level 1. HP: 13/13 MP: 3/3
    44 | D:1      | Reached XP level 2. HP: 6/18 MP: 3/5
   597 | D:1      | Reached XP level 3. HP: 17/23 MP: 4/6
   934 | D:2      | Noticed Robin
   976 | D:2      | Killed Robin
   976 | D:2      | Reached XP level 4. HP: 28/28 MP: 7/7
  1298 | D:2      | Learned a level 2 spell: Sticks to Snakes
  1302 | D:2      | Learned a level 3 spell: Spider Form
  1933 | D:2      | Reached skill level 4 in Unarmed Combat
  2317 | D:3      | Reached XP level 5. HP: 23/34 MP: 8/8
  2485 | D:3      | Noticed Jessica
  2500 | D:3      | Killed Jessica
  2879 | D:3      | Found a glowing golden altar of the Shining One.
  2966 | D:4      | Noticed Grinder
  2980 | D:4      | Paralysed by Grinder for 7 turns
  2988 | D:4      | Killed Grinder
  2988 | D:4      | Reached XP level 6. HP: 19/41 MP: 1/10
  3140 | D:4      | Noticed Pikel
  3146 | D:4      | Noticed a slave
  3146 | D:4      | Noticed a slave
  3148 | D:4      | Noticed a slave
  3149 | D:4      | Noticed a slave
  3151 | D:4      | Killed Pikel
  3151 | D:4      | Reached skill level 5 in Unarmed Combat
  3151 | D:4      | Reached XP level 7. HP: 43/46 MP: 2/11
  3244 | D:4      | Noticed keltmir's ghost (amateur DrTm)
  3452 | D:4      | Killed keltmir's ghost
  3469 | D:4      | Slain by a gnoll

Skill      XL: |  1  2  3  4  5  6 |
---------------+-------------------+-----
Fighting       | 2 3 |  3.2
Unarmed Combat | 4 5 |  5.4
Transmutations | 3 |  3.7
Dodging        | 3 |  3.7
Spellcasting   | 3 |  3.3

Action                   |  1- 3 |  4- 6 |  7- 9 || total
-------------------------+-------+-------+-------++-------
Melee: Unarmed           |    74 |   167 |    23 ||   264
       Constrict         |    23 |    21 |     8 ||    52
       Kick              |    11 |    11 |     5 ||    27
       Tentacles         |     9 |    38 |     5 ||    52
       Punch             |       |     2 |       ||     2
 Cast: Beastly Appendage |     3 |     6 |     2 ||    11
       Sticks to Snakes  |       |    11 |     3 ||    14
  Use: Potion            |     2 |       |       ||     2
 Stab: Sleeping          |     4 |       |       ||     4
       Distracted        |       |     1 |       ||     1
  Eat: Bread ration      |       |     2 |       ||     2
Armor: Skin              |     7 |     5 |       ||    12
Dodge: Dodged            |    46 |    44 |    13 ||   103
